 Dungeon Crawl Stone Soup version 0.17-a0-2127-g1cb09f6 (webtiles) character file.

4795 Menchi the Protected (level 10, 0/67 HPs)
             Began as a Human Wanderer on Oct 22, 2015.
             Was an Elder of Nemelex Xobeh.
             Succumbed to an orc wizard's poison
             ... on level 11 of the Dungeon on Oct 23, 2015.
             The game lasted 01:29:34 (7916 turns).

Menchi the Protected (Human Wanderer)               Turns: 7916, Time: 01:29:34

Health: 0/67       AC: 25    Str: 14    XL:     10   Next: 76%
Magic:  10/10      EV:  7    Int: 13    God:    Nemelex Xobeh [****..]
Gold:   344        SH:  0    Dex: 14    Spells: 0 memorised, 9 levels left

rFire  . . .     SeeInvis .     G - +2 dagger (speed)
rCold  + . .     Clarity  .     r - +1 shadow dragon armour
rNeg   . . .     SustAt   .     (no shield)
rPois  .         Gourm    .     i - +1 hat
rElec  .         Spirit   .     D - +0 cloak
rCorr  .         Warding  .     x - +2 pair of gloves
rMut   .         Stasis   .     (no boots)
MR     .....                    (no amulet)
Stlth  ++........               p - ring of protection from cold
                                e - +3 ring of protection

@: lethally poisoned (0 -> -31), not resistant to hostile enchantments,
unstealthy
A: no striking features
a: Triple Draw, Deal Four, Renounce Religion


You were on level 11 of the Dungeon.
You worshipped Nemelex Xobeh.
Nemelex Xobeh was greatly pleased with you.
You were not hungry.

You visited 2 branches of the dungeon, and saw 13 of its levels.

You collected 608 gold pieces.
You spent 264 gold pieces at shops.

Inventory:

Hand Weapons
 a - a +3 hand crossbow
 m - a +0 dagger of electrocution
 v - a +0 flail of holy wrath
 G - a +2 dagger of speed (weapon)
Missiles
 b - 5 bolts
Armour
 i - a +1 hat (worn)
 r - a +1 shadow dragon armour (worn)
 x - a +2 pair of gloves (worn)
 D - a +0 cloak (worn)
Jewellery
 e - a +3 ring of protection (left hand)
 g - an uncursed ring of teleportation
 p - a ring of protection from cold (right hand)
Wands
 f - a wand of flame (6)
 E - a wand of slowing (19)
 H - a wand of fire (7)
Scrolls
 l - 7 scrolls of remove curse
 o - 4 scrolls of teleportation
 y - 3 scrolls of identify
Potions
 c - a potion of lignification
 d - 4 potions of brilliance
 h - a potion of ambrosia
 j - a potion of degeneration
 k - 2 potions of cure mutation
Books
 q - a book of Geomancy

   Spells                             Type                      Level
   a - Sandblast                      Earth                        1
   b - Stoneskin                      Transmutation/Earth          2
   c - Passwall                       Transmutation/Earth          3
   d - Stone Arrow                    Conjuration/Earth            3
   e - Petrify                        Transmutation/Earth          4
   f - Lee's Rapid Deconstruction     Earth                        5
 z - a book of Party Tricks

   Spells                             Type                      Level
   a - Summon Butterflies             Summoning                    1
   b - Apportation                    Translocation                1
   c - Tukima's Dance                 Hexes                        3
   d - Alistair's Intoxication        Transmutation/Poison         4
   e - Invisibility                   Hexes                        6
Miscellaneous
 u - an ornate deck of destruction {drawn: 10}
Comestibles
 n - 4 meat rations
 s - a royal jelly
 t - 3 slices of pizza
 w - 4 beef jerkies
 A - 2 bread rations


   Skills:
 - Level 2.0 Fighting
   Level 1.0 Bows
 + Level 10.7 Crossbows
 - Level 1.0 Throwing
 + Level 11.1 Armour
 - Level 1.0 Evocations


You had 9 spell levels left.
You didn't know any spells.

Dungeon Overview and Level Annotations

Branches:
Dungeon (11/15)              Lair (0/8) D:10            Orc (2/4) D:9
 Temple: D:4-7

Altars:
Gozag
Nemelex Xobeh
Qazlal
Trog

Shops:
D:2 *   D:8 ?   D:10 :[   Orc:1 }

Annotations:
Orc:2 Gargoyl's ghost, journeyman DsAK


Message History

You feel very sick. The adder bites you but does no damage.
You closely miss the adder.
* * * LOW HITPOINT WARNING * * *
You feel sick. The adder bites you but does no damage.
You barely miss the adder.
* * * LOW HITPOINT WARNING * * *
You feel sick. The adder barely misses you.
You hit the adder.
The adder is heavily wounded.
* * * LOW HITPOINT WARNING * * *
You feel sick.
You miss the adder.
The adder is heavily wounded.
* * * LOW HITPOINT WARNING * * *
You feel sick. The adder closely misses you.
You closely miss the adder.
The adder is heavily wounded.
You die...
Your body disappears without a glow.

#..........# .###..h
#..........# ...h.
#.... #....# ...##
#....##...†###....#
#....<......#
#...†...##.##
#...##..##..# #..
##...##.###..##.....
.......@S.))...>....
#......#...).........
...#......#####..##...
#####....#.. #...) .
......#### .### ...?.
.# .#... . #.. . #..


You could see an adder.

Vanquished Creatures
  A wyvern (D:9)
  A steam dragon (D:8)
  An ice beast (D:7)
  2 orc warriors
  A black bear (D:10)
  2 ogres
  A sky beast (D:6)
  A necrophage (D:9)
  2 centaurs
  A crocodile (D:9)
  5 giant frogs
  6 scorpions
  2 killer bees (D:8)
  4 wights (D:8)
  2 crimson imps
  A jelly (D:7)
  A quasit (D:9)
  A giant frog skeleton (D:9)
  5 hounds
  7 orc priests
  12 orc wizards
  3 iguanas
  3 worker ants
  A hound zombie (D:10)
  A hound skeleton (D:9)
  A gnoll (D:9)
  8 adders
  A river rat (D:10)
  A shadow imp (D:7)
  2 giant eyeballs
  2 adder skeletons (D:9)
  2 worms
  26 orcs
  3 giant cockroaches
  4 hobgoblins (D:1)
  2 jackals (D:8)
  A quokka (D:8)
  6 bats
  2 giant geckos
  2 giant newts
  7 goblins
  7 kobolds
  A quokka zombie (D:6)
  6 rats
  3 plants (D:4)
154 creatures vanquished.

Vanquished Creatures (collateral kills)
  The ghost of krfreak the Geomancer, a novice DDEE of Makhleb (D:8)
  A slime creature (D:11)
  A wyvern (D:8)
  5 yaks
  A hog (D:7)
  A human (D:7)
  A sky beast (D:5)
  A black bear (D:11)
  An orc warrior (Orc:1)
  A hound (D:9)
  A crimson imp (D:7)
  An orc priest (Orc:1)
  11 orc wizards
  2 worker ants
  2 sheep (D:7)
  2 worker ant zombies
  A river rat (D:11)
  2 adders (D:9)
  An ooze (D:4)
  A worm (D:2)
  2 giant geckos
  17 orcs
  A jackal (D:11)
58 creatures vanquished.

Vanquished Creatures (others)
  A sky beast (D:5)
  3 fungi (D:10)
4 creatures vanquished.

Grand Total: 216 creatures vanquished

Notes
Turn   | Place    | Note
--------------------------------------------------------------
     0 | D:1      | Menchi the Human Wanderer began the quest for the Orb.
     0 | D:1      | Menchi set off with: a +2 hand crossbow, 26 bolts, a potion of lignification, a potion of curing, a +0 robe, a bread ration
     0 | D:1      | Reached XP level 1. HP: 16/16 MP: 1/1
   277 | D:1      | Reached XP level 2. HP: 22/22 MP: 2/2
   836 | D:2      | Reached XP level 3. HP: 27/27 MP: 3/3
   986 | D:2      | Found a sparkling altar of Nemelex Xobeh.
  1016 | D:2      | Became a worshipper of Nemelex Xobeh the Trickster
  1029 | D:2      | Received a gift from Nemelex Xobeh
  1117 | D:2      | Found an opulent altar of Gozag.
  1123 | D:2      | Found Gozag's Platinum Reserve.
  1372 | D:2      | Found a stormy altar of Qazlal.
  1561 | D:3      | Reached * piety under Nemelex Xobeh
  1580 | D:3      | Reached skill level 4 in Armour
  1580 | D:3      | Reached XP level 4. HP: 33/33 MP: 4/4
  1628 | D:3      | Noticed a vampire mosquito
  1629 | D:3      | Reached XP level 5. HP: 27/38 MP: 5/5
  1635 | D:3      | Killed a vampire mosquito
  1781 | D:3      | You fall through a shaft!
  1781 | D:4      | Received a gift from Nemelex Xobeh
  2063 | D:5      | Entered Level 5 of the Dungeon
  2174 | D:5      | Reached ** piety under Nemelex Xobeh
  2174 | D:5      | Received a gift from Nemelex Xobeh
  2187 | D:5      | Reached skill level 5 in Armour
  2187 | D:5      | Reached XP level 6. HP: 44/44 MP: 6/6
  2229 | D:5      | Noticed a sky beast
  2240 | D:5      | Killed a sky beast
  2282 | D:5      | Noticed an ogre
  2292 | D:5      | an ogre changed into a scorpion
  2546 | D:5      | Noticed a sky beast
  2641 | D:5      | Killed a sky beast
  2884 | D:6      | Reached skill level 5 in Crossbows
  2884 | D:6      | Reached XP level 7. HP: 50/50 MP: 7/7
  3015 | D:6      | Found a bloodstained altar of Trog.
  3096 | D:6      | Reached skill level 6 in Armour
  3260 | D:6      | Noticed a sky beast
  3277 | D:6      | Killed a sky beast
  3380 | D:6      | Noticed an orc warrior
  3382 | D:6      | an orc warrior changed into a giant eyeball
  3385 | D:6      | Paralysed by a giant eyeball for 2 turns
  3861 | D:7      | Reached XP level 8. HP: 56/56 MP: 8/8
  4009 | D:7      | Reached *** piety under Nemelex Xobeh
  4060 | D:7      | Received a gift from Nemelex Xobeh
  4179 | D:7      | Reached skill level 7 in Armour
  4497 | D:7      | Noticed a human
  4497 | D:7      | Noticed a hog
  4497 | D:7      | Noticed a yak
  4503 | D:7      | Killed a human
  4504 | D:7      | Killed a yak
  4511 | D:7      | Killed a hog
  4616 | D:8      | Reached **** piety under Nemelex Xobeh
  4655 | D:8      | Reached skill level 8 in Armour
  4658 | D:8      | Reached XP level 9. HP: 61/61 MP: 9/9
  4757 | D:8      | Received a gift from Nemelex Xobeh
  4773 | D:8      | Found Nerebog's Magic Scroll Emporium.
  4845 | D:8      | Paralysed by a giant eyeball for 2 turns
  5025 | D:8      | Gained mutation: Armour fits poorly on your strangely shaped body. [potion of mutation]
  5025 | D:8      | Gained mutation: You tend to lose your temper in combat. [potion of mutation]
  5025 | D:8      | Gained mutation: Scrolls take you a little longer to read. [potion of mutation]
  5026 | D:8      | Lost mutation: Scrolls take you a little longer to read. [potion of cure mutation]
  5026 | D:8      | Lost mutation: Armour fits poorly on your strangely shaped body. [potion of cure mutation]
  5026 | D:8      | Lost mutation: You tend to lose your temper in combat. [potion of cure mutation]
  5139 | D:8      | Noticed krfreak's ghost (novice DDEE)
  5149 | D:8      | Reached skill level 9 in Armour
  5179 | D:8      | Killed krfreak's ghost
  5615 | D:9      | Reached XP level 10. HP: 60/67 MP: 10/10
  5756 | D:9      | Reached skill level 10 in Armour
  5901 | D:9      | Found a staircase to the Orcish Mines.
  5930 | Orc:1    | Entered Level 1 of the Orcish Mines
  5930 | Orc:1    | Received a gift from Nemelex Xobeh
  5943 | Orc:1    | Reached skill level 10 in Crossbows
  6488 | Orc:1    | Found Suaps's Gadget Emporium.
  6692 | Orc:1    | Bought a wand of fire (7) for 264 gold pieces
  6769 | Orc:2    | Noticed Gargoyl's ghost (journeyman DsAK)
  6794 | Orc:2    | Noticed a cyclops
  7416 | D:10     | Entered Level 10 of the Dungeon
  7436 | D:10     | Found Jeemock's Book Boutique.
  7589 | D:10     | Found a staircase to the Lair.
  7660 | D:10     | Reached skill level 11 in Armour
  7684 | D:10     | Found Ohuwyir's Armour Emporium.
  7848 | D:11     | Noticed a brown ugly thing
  7861 | D:11     | a brown ugly thing changed into a slime creature
  7915 | D:11     | HP: 2/67 [poisoned by an orc wizard]
  7916 | D:11     | Succumbed to an orc wizard's poison

Vault maps used:
D:1:      wheals_arrival_shading, glass_columns_a, minmay_close_crescents
D:2:      grunt_qazlal_clouds, lemuel_round_altar,
          nicolae_gozag_zags_fifth_avenue
D:3:      first_bread
D:4:      gammafunk_temple_overflow_wave, wad_floor_pattern_2,
          serial_bayou_pond_b
D:5:      amethyst_overflow_temple_binary, lemuel_temple_firewalk_marked
D:6:      bloody_trog, kennysheep_small_square
D:7:      grunt_livestock
D:8:      serial_shops, nicolae_shop_behind_doors
D:9:      david_orc_4, enter_bailey_7, grunt_tough_drop
D:10:     boulder_indie, due_lair_maze_entry_diamond, serial_shops, shop, shop,
          nicolae_shop_statue_plus, shop, shop
D:11:     minmay_misc_feat_cross, minivault_1
Orc:1:    serial_shops, nicolae_shop_behind_doors

Action                   |  1- 3 |  4- 6 |  7- 9 | 10-12 || total
-------------------------+-------+-------+-------+-------++-------
Melee: Hand crossbow     |       |       |    24 |     1 ||    25
       Dagger            |       |       |       |   296 ||   296
       Unarmed           |       |       |       |    60 ||    60
 Fire: Hand crossbow     |    68 |   114 |   203 |    56 ||   441
Evoke: Deck              |     1 |     5 |    20 |    25 ||    51
       Wand              |       |     1 |     9 |     2 ||    12
  Use: Scroll            |     7 |     8 |     5 |       ||    20
       Potion            |       |     2 |     2 |     4 ||     8
  Eat: Bread ration      |     1 |     1 |     1 |     1 ||     4
       Chunk             |       |       |     1 |     1 ||     2
       Pizza             |       |       |       |     4 ||     4
